AoeStats
← LoadedStriker13

Arena

510471890Analyzed
2v2 RM · 1d ago on Oct 1, 2026· 57m 7s· 4 players
Game mode
Random Map
Map size
Medium (4 player)
Population
200
Speed
Normal
Resources
Standard
Victory
Conquest
Starting age
Dark Age
Ending age
Imperial Age
RankedLock teamsTeams togetherTeam positionsShared explorationLock speedFull tech treeHidden civsTurbo modeCheats
Victory
Defeat
🇺🇸 Bohemians · United States
448
+20
🇺🇸 Poles · United States
408
+22
🇮🇹 Portuguese · Italy
561
-22
🇨🇦 Teutons · Canada
515
-20
Sir_HotBoi
2:36 Loom
10:29 Feudal Age
21:06 Castle Age
22:58 Wheelbarrow
24:28 Man-at-Arms
29:41 Imperial Age
29:50 Imperial Age
27:33 Long Swordsman
29:30 Double-Bit Axe
29:27 Horse Collar
31:12 Fletching
31:25 Padded Archer Armor
32:24 Conscription
36:41 Wagenburg Tactics
38:59 Elite Hussite Wagon
39:10 Two-Handed Swordsman
39:13 Elite Skirmisher
40:58 Chemistry
41:35 Bodkin Arrow
41:56 Leather Archer Armor
42:55 Arson
43:10 Squires
44:47 Bracer
TheFoustAffectTTV
11:55 Feudal Age
17:51 Castle Age
19:26 Double-Bit Axe
26:18 Bow Saw
27:56 Forging
27:37 Fletching
34:07 Imperial Age
32:24 Thumb Ring
37:24 Iron Casting
36:45 Bodkin Arrow
36:50 Padded Archer Armor
36:51 Scale Mail Armor
36:45 Crossbowman
40:11 Elite Obuch
43:24 Blast Furnace
42:24 Bracer
42:40 Leather Archer Armor
42:50 Ballistics
44:23 Arbalester
46:30 Chemistry
48:31 Squires
48:17 Arson
LoadedStriker13
11:01 Feudal Age
12:41 Wheelbarrow
14:06 Double-Bit Axe
16:32 Horse Collar
20:16 Stone Mining
20:25 Gold Mining
26:16 Castle Age
25:06 Scale Mail Armor
26:35 Loom
26:38 Town Watch
27:24 Heavy Plow
29:39 Stone Shaft Mining
30:50 Hand Cart
31:26 Forging
31:33 Chain Mail Armor
33:36 Iron Casting
33:54 Fortified Wall
34:29 Caravan
35:27 Bow Saw
36:42 Masonry
36:30 Heated Shot
37:21 Ballistics
40:34 Ironclad
45:35 Imperial Age
47:21 Crenellations
47:43 Conscription
46:56 Elite Teutonic Knight
48:46 Crop Rotation
50:03 Capped Ram
Giampy12
0:36 Loom
13:15 Feudal Age
17:53 Castle Age
17:05 Double-Bit Axe
22:46 Bow Saw
31:25 Imperial Age
31:27 Wheelbarrow
31:49 Cavalier
32:29 Husbandry
32:40 Bloodlines
31:51 Light Cavalry
32:52 Heated Shot
33:14 Fortified Wall
35:20 Coinage
35:56 Chemistry
35:17 Ballistics
35:03 Siphons
46:03 Onager
Connection lost

Rejoining the realm…

Still unreachable

The connection could not be restored.

Session expired

The server has moved on; the page needs a fresh start.